 Dungeon Crawl Stone Soup version 0.31-a0-188-g5e087ee2ca (webtiles) character file.

Game seed: 9342864760718572966

25 qw the Shooter (level 2, 0/16 HPs)
             Began as a Deep Elf Hunter on June 22, 2023.
             Succumbed to a goblin's poison
             ... on level 2 of the Dungeon.
             The game lasted 00:00:15 (864 turns).

qw the Shooter (Deep Elf Hunter)                     Turns: 864, Time: 00:00:16

Health: 0/16       AC:  5    Str:  8    XL:     2   Next: 82%
Magic:  4/4        EV: 10    Int: 13    God:
Gold:   72         SH:  0    Dex: 18    Spells: 1/1 levels left

rFire   . . .        Y - +0 shortbow
rCold   . . .        (shield currently unavailable)
rNeg    . . .        g - +0 ring mail
rPois   .            (no helmet)
rElec   .            (no cloak)
rCorr   .            (no gloves)
SInv    .            (no boots)
Will    .....        (no amulet)
Stlth   +            (no ring)
HPRegen 0.22/turn    (no ring)
MPRegen 0.09/turn

%: no passive effects
@: lethally poisoned (0 -> -12)
A: no striking features
a: no special abilities


You were on level 2 of the Dungeon.
You visited 1 branch of the dungeon, and saw 2 of its levels.

You collected 72 gold pieces.


   Skills:
 - Level 1.5 Fighting
 + Level 6.5 Ranged Weapons
 - Level 2.4 Dodging
 - Level 1.2 Stealth


You had one spell level left.
You didn't know any spells.
Your spell library was empty.

Inventory:

Hand Weapons
 Y - a +0 shortbow (weapon)
Armour
 g - a +0 ring mail (worn)
Jewellery
 a - a ring of fire
Potions
 f - a potion of heal wounds {unknown}

Dungeon Overview and Level Annotations

Branches:
Dungeon (2/15)

Altars:


Message History

The endoplasm is moderately wounded.
You shoot an arrow.
The arrow hits the endoplasm but does no damage.
The endoplasm is moderately wounded.
You shoot an arrow. The arrow hits the endoplasm.
You kill the endoplasm!
There is an open door here.
You open the door.
There is an open door here.
A goblin comes into view. It is wielding a +0 dagger of venom.
The goblin shouts!
An adder comes into view.
Enter note: You shoot an arrow.
The arrow hits the adder.
The adder is heavily wounded.
You shoot an arrow. The arrow barely misses the adder.
The adder completely misses you. The adder closely misses you.
The goblin barely misses you.
You shoot an arrow. The arrow misses the adder.
The adder barely misses you. The goblin barely misses you. The adder bites you.
You shoot an arrow. The arrow hits the adder.
The adder is severely wounded.
The goblin misses you. The adder misses you.
You shoot an arrow. The arrow closely misses the adder.
The adder misses you.
The goblin hits you with a +0 dagger of venom.
You are poisoned.
The adder bites you. The goblin barely misses you.
You shoot an arrow.
The arrow hits the adder but does no damage.
The adder is severely wounded.
You feel very sick. The adder misses you. The goblin closely misses you.
The adder bites you.
You shoot an arrow. The arrow misses the adder.
You feel sick. The adder bites you but does no damage.
The goblin hits you but does no damage.
You are more poisoned.
You shoot an arrow. The arrow hits the adder.
You kill the adder!
You die...

#. #. ##.##
##...## #
#.....##.#
#.##......
#......%# #g@#
#..###.#
#......#
#.###### #.# #.#
########## #.#
#........#
##############.#
#.######.#
#......>....##.#
#.# #.#


You could see a goblin.

Vanquished Creatures
  An adder (D:2)
  A ball python (D:1)
  A bat (D:1)
  5 endoplasms
  2 goblins (D:1)
  4 hobgoblins
  A jackal (D:1)
  3 kobolds (D:1)
  A quokka (D:1)
  2 rats (D:1)
21 creatures vanquished.

Notes
Turn   | Place    | Note
-------+----------+-------------------------------------------
     0 | D:1      | qw the Deep Elf Hunter began the quest for the Orb.
     0 | D:1      | Reached XP level 1. HP: 12/12 MP: 3/3
     0 | D:1      | 0 ||| qw: Version: 0.3-a-9-g12657ce
     0 | D:1      | 0 ||| qw: Game counter: 2971
     0 | D:1      | 0 ||| qw: Always use a shield: true
     0 | D:1      | 0 ||| qw: God list: Okawaru
     0 | D:1      | 0 ||| qw: Allow faded altars: false
     0 | D:1      | 0 ||| qw: Do Orc after D:15 true
     0 | D:1      | 0 ||| qw: Do second Lair branch before Depths: true
     0 | D:1      | 0 ||| qw: Lair rune preference: random
     0 | D:1      | 0 ||| qw: Plans: Normal
     0 | D:1      | 0 ||| PLANNING D:1-11
   112 | D:1      | Reached XP level 2. HP: 16/16 MP: 4/4
   156 | D:1      | Reached skill level 6 in Ranged Weapons
   616 | D:1      | 616 ||| UPGRADING to +0 ring mail.
   626 | D:1      | 626 ||| DROPPING +0 leather armour.
   627 | D:1      | 627 ||| READING scroll labelled UGGIAZUEHO.
   628 | D:1      | 628 ||| READING scroll labelled FOEDDUMOUN.
   629 | D:1      | 629 ||| READING scroll labelled DERAIS TALAMP.
   630 | D:1      | 630 ||| READING scroll labelled YSOGUM XUSTRO.
   631 | D:1      | 631 ||| READING scroll labelled DUAN QITSUH.
   632 | D:1      | 632 ||| READING scroll labelled HIUVI OPEFRO.
   633 | D:1      | 633 ||| DROPPING scroll of butterflies.
   862 | D:2      | HP: 4/16 [adder (2)]
   864 | D:2      | Succumbed to a goblin's poison

Levels and vault maps discovered:
D:1:      ldierk_walled_garden, layout_basic, supply_closet_lemuel,
          reono_crystal_passage, minmay_pentomino_r4
D:2:      layout_loops_corners, basic_altar, uniq_crazy_yiuf_cottage,
          uniq_sigmund, uniq_jessica, uniq_terence

Skill      XL: |  1  2 |
---------------+-------+-----
Ranged Weapons | 6 |  6.5
Fighting       | |  1.5
Dodging        | |  2.4
Stealth        | |  1.2

Action                     || total
---------------------------++-------
   Fire: Shortbow          ||    50
    Use: Scroll            ||     6
 Armour: Ring mail         ||     2
  Dodge: Dodged            ||    13

Table legend:
 A = Non-vault XP
 B = Vault XP
 C = Vault XP percentage of total XP
 D = Non-vault monster count
 E = Vault monster count
 F = Vault count percentage of total count
                 A         B        C        D         E       F
            +---------+---------+-------+---------+---------+-------
      Total |      46 |       3 |   6.1 |      19 |       2 |   9.5
            +---------+---------+-------+---------+---------+-------
        D:1 |      27 |       3 |  10.0 |      15 |       2 |  11.8
        D:2 |      19 |       0 |   0.0 |       4 |       0 |   0.0
            +---------+---------+-------+---------+---------+-------
